 Dungeon Crawl Stone Soup version 0.29.0-4-gdea44cf6ec (webtiles) character file.

Game seed: 603812933937248043

69 qw the Chopper (level 4, -4/32 HPs)
             Began as a Barachi Chaos Knight on Sept 7, 2022.
             Slain by a gnoll
             ... wielding a +0 flail
              (6 damage)
             ... on level 2 of the Dungeon.
             The game lasted 00:00:38 (1182 turns).

qw the Chopper (Barachi Chaos Knight)               Turns: 1182, Time: 00:00:38

Health: -4/32      AC:  7    Str: 15    XL:     4   Next: 20%
Magic:  4/4        EV: 10    Int: 13    God:
Gold:   96         SH:  0    Dex: 11    Spells: 3/3 levels left

rFire   . . .      SeeInvis .   Y - +0 hand axe (venom)
rCold   . . .      Faith    .   (no shield)
rNeg    . . .      Spirit   .   e - +0 ring mail
rPois   .          Reflect  .   (no helmet)
rElec   .          Harm     .   (no cloak)
rCorr   .          Rampage  .   (no gloves)
Will    .....                   (no boots)
Stlth   +.........              i - amulet of regeneration
HPRegen 0.90/turn               (no ring)
MPRegen 0.09/turn               (no ring)

@: unable to drink, slow
A: amphibious, slowness 1, strong legs 1, +LOS, iridescent scales 1, frail 1,
subdued magic 1, inability to drink after injury 1
a: Hop


You were on level 2 of the Dungeon.
You visited 1 branch of the dungeon, and saw 2 of its levels.

You collected 96 gold pieces.


Innate Abilities, Weirdness & Mutations

You are amphibious.
You cover ground slowly.
You can hop short distances.
You have an extended range of vision and can be seen from far away.
You are partially covered in iridescent scales. (AC +2)
You are frail. (-10% HP)
Your spells are a little easier to cast, but a little less powerful.
You occasionally lose the ability to drink potions when taking damage.


   Skills:
 - Level 3.6 Fighting
 + Level 5.4 Axes
 - Level 2.4 Armour
 - Level 1.1 Dodging


You had 3 spell levels left.
You didn't know any spells.
Your spell library was empty.

Inventory:

Hand Weapons
 j - a +0 flail
 Y - a +0 hand axe of venom (weapon)
Armour
 e - a +0 ring mail (worn)
Jewellery
 i - an amulet of regeneration (around neck)
Scrolls
 d - a scroll of fog {unknown}
 f - 2 scrolls of teleportation {unknown}
 g - 2 scrolls of identify
Potions
 a - a potion of cancellation {unknown}
 b - a potion of flight {unknown}
Miscellaneous
 c - a piece from Xom's chessboard (15/15)

Dungeon Overview and Level Annotations

Branches:
Dungeon (2/15)

Altars:
Zin


Message History

The gnoll shouts!
You hear a shout!
A gnoll comes into view. It is wielding a +0 flail.
A gnoll comes into view. It is wielding a +0 spear.
1173 ||| Stepping ~*~*~tactically~*~*~ (hiding).
The gnoll barely misses you. The gnoll hits you with a +3 flail!
The gnoll barely misses you.
You hit the gnoll.
The gnoll is poisoned.
The gnoll is moderately wounded.
The gnoll barely misses you.
A gnoll comes into view. It is wielding a +0 halberd.
The gnoll hits you but does no damage.
The gnoll shouts!
You hit the gnoll.
The gnoll looks as sick as possible!
The gnoll is heavily wounded.
The gnoll hits you from afar with a +0 spear.
The gnoll hits you with a +3 flail.
You hit the gnoll but do no damage.
The gnoll is severely wounded.
The gnoll hits you from afar with a +0 spear.
The gnoll barely misses you.
You hit the gnoll but do no damage.
The gnoll is severely wounded.
You kill the gnoll!
The gnoll barely misses you. The gnoll hits you with a +0 halberd!
You feel threatened and lose the ability to drink potions!
The gnoll closely misses you.
You see here a +3 flail.
You hit the gnoll.
The gnoll is moderately wounded.
You closely miss the gnoll. The gnoll hits you with a +0 spear.
You barely miss the gnoll. You hit the gnoll.
The gnoll is poisoned.
The gnoll hits you from afar with a +0 halberd.
The gnoll closely misses you.
You closely miss the gnoll.
The gnoll is lightly wounded.
You hit the gnoll. The gnoll hits you with a +0 flail.
You die...

.<.............. ..
...%...........##.#### .
......<...........>..# ..
....................##?..
........................
......<.....#.....!......
.....#..............#....
##.....^................#
.)...........)..@g......#
....).##.....####gg.....#
...####..#......#...)....
#####...##...#.##........
...............# ........
............#.## ......##
.......#.#..#.# .####.#
.......#.#....# .# ...
...........#..# .# #.


You could see 3 gnolls.

Vanquished Creatures
  2 adders (D:2)
  2 gnolls
  4 ball pythons
  2 bats (D:2)
  An endoplasm (D:1)
  2 giant cockroaches (D:2)
  A goblin (D:1)
  3 hobgoblins (D:1)
  2 quokkas (D:1)
  2 frilled lizards (D:1)
  8 kobolds
  2 rats (D:1)
31 creatures vanquished.

Notes
Turn   | Place    | Note
-------+----------+-------------------------------------------
     0 | D:1      | qw the Barachi Chaos Knight began the quest for the Orb.
     0 | D:1      | Reached XP level 1. HP: 18/18 MP: 1/1
     0 | D:1      | 0 ||| qw: Version: 0.1-a-108-g9e35731
     0 | D:1      | 0 ||| qw: Game counter: 6458
     0 | D:1      | 0 ||| qw: Always use a shield: true
     0 | D:1      | 0 ||| qw: God list: Okawaru
     0 | D:1      | 0 ||| qw: Allow faded altars: false
     0 | D:1      | 0 ||| qw: Do Orc after D:15 true
     0 | D:1      | 0 ||| qw: Do second Lair branch before Depths: true
     0 | D:1      | 0 ||| qw: Lair rune preference: random
     0 | D:1      | 0 ||| qw: Plans: Normal
     0 | D:1      | 0 ||| PLANNING D:1-11
     0 | D:1      | Fell from the grace of Xom
   174 | D:1      | 174 ||| Stepping ~*~*~tactically~*~*~ (stealth).
   183 | D:1      | Reached XP level 2. HP: 24/24 MP: 2/2
   263 | D:1      | 263 ||| Stepping ~*~*~tactically~*~*~ (stealth).
   267 | D:1      | 267 ||| Stepping ~*~*~tactically~*~*~ (stealth).
   270 | D:1      | Reached skill level 4 in Axes
   277 | D:1      | 277 ||| Stepping ~*~*~tactically~*~*~ (stealth).
   647 | D:1      | Found a faded altar of an unknown god.
   670 | D:1      | XOM: give mutations
   670 | D:1      | Gained mutation: You occasionally lose the ability to drink
                  | potions when taking damage. [Xom's mischief]
   670 | D:1      | Gained mutation: Your spells are a little easier to cast,
                  | but a little less powerful. [Xom's mischief]
   670 | D:1      | Gained mutation: You are partially covered in iridescent
                  | scales. (AC +2) [Xom's mischief]
   670 | D:1      | Gained mutation: You are frail. (-10% HP) [Xom's mischief]
   694 | D:1      | 694 ||| Stepping ~*~*~tactically~*~*~ (stealth).
   695 | D:1      | 695 ||| Stepping ~*~*~tactically~*~*~ (stealth).
   705 | D:1      | 705 ||| Stepping ~*~*~tactically~*~*~ (stealth).
   748 | D:1      | Reached XP level 3. HP: 20/26 MP: 3/3
   786 | D:1      | 786 ||| Stepping ~*~*~tactically~*~*~ (stealth).
   861 | D:1      | 861 ||| DROPPING +0 whip.
   937 | D:1      | 937 ||| UPGRADING to +0 ring mail.
   947 | D:1      | 947 ||| DROPPING +2 leather armour.
   948 | D:1      | 948 ||| UPGRADING to amulet of regeneration.
   953 | D:1      | 953 ||| READING scroll labelled MUUSKE XENNO.
   954 | D:1      | 954 ||| READING 2 scrolls labelled TATWAG UHYZUA.
   955 | D:1      | 955 ||| DRINKING 2 puce potions.
   956 | D:1      | 956 ||| DROPPING potion of brilliance.
  1045 | D:2      | Reached skill level 5 in Axes
  1132 | D:2      | Reached XP level 4. HP: 32/32 MP: 4/4
  1133 | D:2      | Found a glowing silver altar of Zin.
  1173 | D:2      | 1173 ||| Stepping ~*~*~tactically~*~*~ (hiding).
  1179 | D:2      | HP: 4/32 [gnoll/+0 halberd (11)]
  1180 | D:2      | HP: 1/32 [gnoll/+0 spear (4)]
  1182 | D:2      | Slain by a gnoll

Levels and vault maps discovered:
D:1:      dpeg_arrival_pits, layout_loops_ring,
          hellmonk_ecumenical_altar_pennies_from_heaven
D:2:      layout_rooms, basic_altar, minmay_cupped

Skill      XL: |  1  2  3 |
---------------+----------+-----
Axes           | 4 5 |  5.4
Fighting       | |  3.6
Armour         | |  2.4
Dodging        | |  1.1

Action                   |  1- 3 |  4- 6 || total
-------------------------+-------+-------++-------
Melee: Hand axe          |    78 |     9 ||    87
Invok: Renounce Religion |     1 |       ||     1
  Use: Scroll            |     2 |       ||     2
       Potion            |     1 |       ||     1
Armor: Leather armour    |    13 |       ||    13
       Ring mail         |     9 |     4 ||    13
Dodge: Dodged            |    39 |     8 ||    47

Table legend:
 A = Non-vault XP
 B = Vault XP
 C = Vault XP percentage of total XP
 D = Non-vault monster count
 E = Vault monster count
 F = Vault count percentage of total count
                 A         B        C        D         E       F
            +---------+---------+-------+---------+---------+-------
      Total |      96 |       3 |   3.0 |      29 |       2 |   6.5
            +---------+---------+-------+---------+---------+-------
        D:1 |      44 |       0 |   0.0 |      21 |       0 |   0.0
        D:2 |      52 |       3 |   5.5 |       8 |       2 |  20.0
            +---------+---------+-------+---------+---------+-------
